 Dungeon Sprint DCSS version 0.18-a0-1126-ga2d7f46 (webtiles) character file.

2781 pipel the Fighter (level 9, -2/79 HPs)
             Began as an Octopode Wanderer on Jan 20, 2016.
             Was a High Priest of Vehumet.
             Slain by a crocodile (13 damage)
             ... in the Dungeon (Sprint IX: "|||||||||||||||||||||||||||||").
             The game lasted 00:07:08 (729 turns).

pipel the Fighter (Octopode Wanderer)                Turns: 729, Time: 00:07:09

Health: -2/79      AC:  1    Str: 13    XL:     9   Next: 70%
Magic:  11/20      EV: 18    Int: 17    God:    Vehumet [*****.]
Gold:   0          SH:  0    Dex: 16    Spells: 6 memorised, 11 levels left

rFire  + . .     SeeInvis .     p - +3 war axe "Nihoss" {freeze, rF+ rC+}
rCold  + . .     Gourm    .     (no shield)
rNeg   . . .     Faith    .     (helmet restricted)
rPois  .         Spirit   .     (no amulet)
rElec  .         Dismiss  .     q - +3 ring of strength
rCorr  .         Reflect  .     r - +3 ring of strength
SustAt .         Harm     .     (no ring)
MR     .....     NoTele   +     (no ring)
Stlth  +++.......               (no ring)
                                (no ring)
                                (no ring)
                                (no ring)

@: not resistant to hostile enchantments, fairly stealthy
A: almost no armour, amphibious, 8 rings, constrict 8, camouflage 1, gelatinous
body 1
a: Renounce Religion


You were in the Dungeon.
You worshipped Vehumet.
Vehumet was extremely pleased with you.
You were hungry.

You visited 1 branch

Inventory:

Hand Weapons
 a - a +2 mace
 p - the +3 war axe "Nihoss" (weapon) {freeze, rF+ rC+}
   (You found it in the Dungeon)

   It has been specially enchanted to freeze those struck by it, causing extra
   injury to most foes and up to half again as much damage against particularly
   susceptible opponents.
   It can also slow down cold-blooded creatures.
   It protects you from fire.
   It protects you from cold.
Magical Staves
 o - an uncursed staff of energy
 v - an uncursed staff of poison
Jewellery
 q - a +3 ring of strength (left tentacle)
 r - a +3 ring of strength (right tentacle)
Wands
 n - a wand of fire (0/15)
Scrolls
 j - 3 scrolls of blinking
 l - 3 scrolls of remove curse
 m - 2 scrolls of amnesia
 x - 4 scrolls of enchant weapon
 y - a scroll of fear
 z - a scroll of identify
Potions
 e - a potion of brilliance
 f - 4 potions of heal wounds
 g - a potion of haste
 h - 4 potions of magic
 k - 5 potions of curing
 s - a potion of might
 t - a potion of berserk rage
 w - a potion of ambrosia
Books
 b - the Papyrus of the Glacier

   Spells                             Type                      Level
   a - Freeze                         Ice                          1
   b - Throw Frost                    Conjuration/Ice              2
 c - Vehumet's Reference Book on Confrontation

   Spells                             Type                      Level
   a - Flame Tongue                   Conjuration/Fire             1
   b - Static Discharge               Conjuration/Air              3
Comestibles
 d - a bread ration
 u - a meat ration


   Skills:
 - Level 14.9 Fighting
 + Level 4.8(5.0) Axes
 - Level 1.4(3.3) Maces & Flails
 - Level 9.2 Dodging
 - Level 1.5 Stealth
   Level 1.0 Shields
 + Level 7.4 Spellcasting
 + Level 2.0 Conjurations
 - Level 5.9 Ice Magic
 + Level 1.7 Air Magic
 + Level 6.7 Evocations


You had 11 spell levels left.
You knew the following spells:

 Your Spells              Type           Power        Failure   Level  Hunger
a - Freeze                Ice            ####         1%          1    None
b - Flame Tongue          Conj/Fire      #....        2%          1    None
c - Shock                 Conj/Air       ##..         1%          1    None
d - Throw Frost           Conj/Ice       ###...       1%          2    None
e - Stone Arrow           Conj/Erth      #.....       7%          3    ##.....
f - Dazzling Spray        Conj/Hex       #.......     7%          3    ##.....


Dungeon Overview and Level Annotations

Branches:
Dungeon (1/1)

Altars:
Cheibriados
Dithmenos
Elyvilon
Fedhas
Gozag
Kikubaaqudgha
Makhleb
Nemelex Xobeh
Okawaru
Pakellas
Qazlal
Ru
Sif Muna
Trog
Vehumet
Xom
Yredelemnul
Zin
The Shining One
Beogh
Jiyva
Lugonu


Innate Abilities, Weirdness & Mutations

You cannot wear most types of armour.
You are amphibious.
You can wear up to eight rings at the same time.
You can use your tentacles to constrict eight enemies at once.
Your skin changes colour to match your surroundings (Stealth).
Your rubbery body absorbs attacks (AC +1).


Message History

The black mamba is severely wounded.
You constrict the black mamba, but do no damage.
The black mamba is no longer blind.
The black mamba closely misses you. The black mamba barely misses you.
The black mamba closely misses you.
You slash the black mamba! You freeze the black mamba.
You kill the black mamba!
Vehumet accepts your kill.
Your base Axes skill increases to level 4!
Your Spellcasting skill increases to level 7!
Your Conjurations skill increases to level 2!
The crocodile completely misses you.
Casting: Dazzling Spray
Confirm with . or Enter, or press ? or * to list all spells.
Aiming: Dazzling Spray
Press: ? - help, Shift-Dir - straight line, f - crocodile
Aim: a crocodile The spray of energy hits the crocodile.
The crocodile is lightly wounded.
The crocodile bites you!
You die...

▓▓▓▓▓▓▓▓▓▓▓▓▓▓▓▓▓▓▓▓▓▓▓▓▓▓▓▓▓▓▓▓▓
_______________'....)'....)'...<▓
▓▓▓▓▓▓▓▓▓▓▓▓▓▓▓▓▓▓▓▓▓▓▓▓▓▓▓▓▓▓▓▓▓
................................▓
▓▓▓▓▓▓▓▓▓▓▓▓▓▓▓▓▓▓▓▓▓▓▓▓▓▓▓▓▓▓▓.▓
tS.....'....t@.......†.......▓
▓▓▓▓▓▓▓▓▓▓▓▓▓▓▓▓▓▓▓▓▓▓▓▓▓▓▓▓▓▓


You could see a crocodile.

Vanquished Creatures
  3 hill giants (D)
  A black mamba (D)
  2 trolls (D)
  A hippogriff (D)
  A sky beast (D)
  An orc warrior (D)
  A crocodile (D)
  A centaur (D)
  2 giant frogs (D)
  A quasit (D)
  A worker ant (D)
  An adder (D)
  A river rat (D)
  A shadow imp (D)
  A worm (D)
  2 orcs (D)
  A goblin (D)
  A hobgoblin (D)
  A ball python zombie (D)
  A bat (D)
  A jackal zombie (D)
  A kobold (D)
  A rat (D)
28 creatures vanquished.

Notes
Turn   | Place    | Note
--------------------------------------------------------------
     0 | D        | pipel the Octopode Wanderer began the quest for the Orb.
     0 | D        | pipel set off with: a +2 mace, the Papyrus of the Glacier, Vehumet's Reference Book on Confrontation, a bread ration, a potion of curing, a potion of heal wounds, a potion of haste, 2 potions of magic, a potion of berserk rage, a scroll of blinking
     0 | D        | Reached XP level 1. HP: 17/17 MP: 2/2
     0 | D        | Identified the Papyrus of the Glacier
     0 | D        | Identified Vehumet's Reference Book on Confrontation
     2 | D        | Learned a level 1 spell: Freeze
    14 | D        | Reached skill level 5 in Fighting
    23 | D        | Learned a level 1 spell: Flame Tongue
    30 | D        | Reached XP level 2. HP: 17/24 MP: 3/3
    36 | D        | Reached skill level 6 in Fighting
    36 | D        | Reached skill level 1 in Dodging
    54 | D        | Found a glowing silver altar of Zin.
    54 | D        | Found a glowing golden altar of the Shining One.
    54 | D        | Found an ancient bone altar of Kikubaaqudgha.
    54 | D        | Found a basalt altar of Yredelemnul.
    54 | D        | Found a shimmering altar of Xom.
    54 | D        | Found a radiant altar of Vehumet.
    55 | D        | Found an iron altar of Okawaru.
    56 | D        | Found a burning altar of Makhleb.
    57 | D        | Found a deep blue altar of Sif Muna.
    58 | D        | Found a bloodstained altar of Trog.
    59 | D        | Found a sparkling altar of Nemelex Xobeh.
    60 | D        | Found a white marble altar of Elyvilon.
    61 | D        | Found a roughly hewn altar of Beogh.
    62 | D        | Found a viscous altar of Jiyva.
    64 | D        | Became a worshipper of Vehumet
    66 | D        | Found a corrupted altar of Lugonu.
    67 | D        | Found a blossoming altar of Fedhas.
    68 | D        | Found a snail-covered altar of Cheibriados.
    69 | D        | Found a shadowy altar of Dithmenos.
    70 | D        | Found a stormy altar of Qazlal.
    71 | D        | Found an opulent altar of Gozag.
    72 | D        | Found a sacrificial altar of Ru.
    73 | D        | Found an oddly glowing altar of Pakellas.
    91 | D        | Got the +3 war axe "Nihoss" {freeze, rF+ rC+}
   101 | D        | Noticed a centaur
   101 | D        | Noticed an orc warrior
   101 | D        | Noticed a sky beast
   105 | D        | Reached XP level 3. HP: 13/31 MP: 2/4
   106 | D        | Reached skill level 7 in Fighting
   106 | D        | Reached skill level 1 in Ice Magic
   106 | D        | Reached * piety under Vehumet
   106 | D        | Offered knowledge of Magic Dart by Vehumet.
   106 | D        | Reached skill level 8 in Fighting
   106 | D        | Reached XP level 4. HP: 15/39 MP: 3/7
   107 | D        | Killed a sky beast
   107 | D        | Reached skill level 9 in Fighting
   107 | D        | Reached XP level 5. HP: 16/46 MP: 5/9
   108 | D        | Killed an orc warrior
   108 | D        | Reached skill level 10 in Fighting
   108 | D        | Reached skill level 1 in Evocations
   108 | D        | Reached XP level 6. HP: 18/54 MP: 5/11
   108 | D        | Reached ** piety under Vehumet
   108 | D        | Reached skill level 11 in Fighting
   108 | D        | Reached skill level 5 in Dodging
   310 | D        | Noticed a troll
   310 | D        | Noticed a troll
   310 | D        | Noticed a hill giant
   310 | D        | Noticed a hill giant
   310 | D        | Noticed a hill giant
   317 | D        | Offered knowledge of Shock by Vehumet.
   321 | D        | Killed a hill giant
   321 | D        | Reached skill level 13 in Fighting
   321 | D        | Reached XP level 7. HP: 59/64 MP: 11/14
   323 | D        | Killed a hill giant
   323 | D        | Reached skill level 5 in Spellcasting
   323 | D        | Reached skill level 5 in Ice Magic
   323 | D        | Reached XP level 8. HP: 65/72 MP: 11/16
   331 | D        | Killed a hill giant
   331 | D        | Reached *** piety under Vehumet
   331 | D        | Reached skill level 14 in Fighting
   331 | D        | Reached skill level 1 in Axes
   331 | D        | Reached XP level 9. HP: 45/79 MP: 17/17
   335 | D        | Killed a troll
   335 | D        | Reached skill level 5 in Evocations
   354 | D        | Learned a level 1 spell: Shock
   357 | D        | Learned a level 2 spell: Throw Frost
   370 | D        | Killed a troll
   370 | D        | Offered knowledge of Stone Arrow by Vehumet.
   382 | D        | Learned a level 3 spell: Stone Arrow
   672 | D        | Noticed a black mamba
   675 | D        | Offered knowledge of Dazzling Spray by Vehumet.
   696 | D        | Reached **** piety under Vehumet
   709 | D        | Learned a level 3 spell: Dazzling Spray
   723 | D        | Offered knowledge of Bolt of Magma by Vehumet.
   728 | D        | Killed a black mamba
   728 | D        | Reached ***** piety under Vehumet
   729 | D        | Slain by a crocodile

Vault maps used:
D:        linesprint

Action                   |  1- 3 |  4- 6 |  7- 9 || total
-------------------------+-------+-------+-------++-------
Melee: Mace              |    29 |       |       ||    29
       War axe           |       |     3 |    38 ||    41
 Cast: Freeze            |     5 |       |     2 ||     7
       Shock             |       |       |     4 ||     4
       Dazzling Spray    |       |       |     4 ||     4
       Throw Frost       |       |       |     2 ||     2
Evoke: Wand              |     1 |     6 |       ||     7
  Use: Potion            |     1 |     1 |     2 ||     4
 Stab: Sleeping          |     3 |     1 |     1 ||     5
       Invisible         |       |       |     3 ||     3
